NCAA
CALIFORNIA GOLDEN BEARS @ OREGON STATE BEAVERS
02/13/2060
 
TOP OF THE 1ST
California Golden Bears batting - Pitching for Oregon State Beavers : RHP Jules Cooke
Pitching: RHP Jules Cooke
Batting: RHB Wyatt Wassell 0-0: Called Strike
0-1: Ball
1-1: Fly out, F9 (Flyball, 89M, EV 88.1 MPH)
Batting: RHB Darrin Turner 0-0: Swinging Strike
0-1: Swinging Strike
0-2: Ball
1-2: SINGLE (Groundball, 6MD, EV 104.4 MPH)
Batting: RHB Brian Van Hook 0-0: Ball
1-0: Ball
2-0: Reached on error, E6 (Groundball, 6MD, EV 86.9 MPH)
Darrin Turner to second
Batting: RHB Thalen Lizik 0-0: Ball
1-0: Ball
2-0: Ball
3-0: Hit by Pitch
Darrin Turner to third
Brian Van Hook to second
Batting: LHB Justyn Pehrson 0-0: Ball
1-0: Reached on error, E4 (Groundball, 4, EV 85.0 MPH)
Darrin Turner scores
Brian Van Hook to third
Thalen Lizik to second
Batting: RHB Sterling Henry 0-0: Grounds into double play, 5-4-3 (Groundball, 56, EV 85.0 MPH)
Top of the 1st over - 1 run, 1 hit, 2 errors, 2 left on base; California 1 - Oregon State 0
BOTTOM OF THE 1ST
Oregon State Beavers batting - Pitching for California Golden Bears : RHP Eldon Ross
Pitching: RHP Eldon Ross
Batting: LHB Evan Garrettson 0-0: Ball
1-0: Fly out, F9 (Line Drive, 9S, EV 99.4 MPH)
Batting: RHB Theo Prochazka 0-0: Ball
1-0: SINGLE (Groundball, 6M, EV 108.1 MPH) (infield hit)
Batting: RHB Zane Sirignano 0-0: SINGLE (Groundball, 6MD, EV 100.0 MPH) (infield hit)
Theo Prochazka to second
Batting: RHB Mike Walton 0-0: Ball
1-0: Swinging Strike
1-1: 3-RUN HOME RUN (Flyball, 7LD, EV 93.1 MPH), Distance : 338 ft
Batting: LHB Cole Williams 0-0: Called Strike
0-1: Called Strike
0-2: Ball
1-2: Strikes out swinging
Batting: RHB Karsten Holland 0-0: Ball
1-0: Ball
2-0: Ball
3-0: Called Strike
3-1: Ground out 5-3 (Groundball, 56, EV 104.4 MPH)
Bottom of the 1st over - 3 runs, 3 hits, 0 errors, 0 left on base; California 1 - Oregon State 3
TOP OF THE 2ND
California Golden Bears batting - Pitching for Oregon State Beavers : RHP Jules Cooke
Batting: RHB Cristian Stadler 0-0: Called Strike
0-1: Swinging Strike
0-2: Ball
1-2: Ground out 6-3 (Groundball, 56, EV 91.9 MPH)
Batting: LHB Will Shad 0-0: Ball
1-0: Ball
2-0: Ball
3-0: Base on Balls
Batting: RHB Griffin Forsee 0-0: 2-RUN HOME RUN (Flyball, 7D, EV 98.1 MPH), Distance : 349 ft
Batting: RHB Wyatt Wassell 0-0: Ball
1-0: Ball
2-0: Swinging Strike
2-1: Ball
3-1: Called Strike
3-2: Strikes out swinging
Batting: RHB Darrin Turner 0-0: Ball
1-0: Swinging Strike
1-1: Ball
2-1: SINGLE (Flyball, 89S, EV 90.6 MPH)
Batting: RHB Brian Van Hook Pickoff Play to 1st, Runner tries for 2nd, OUT after rundown.
Top of the 2nd over - 2 runs, 2 hits, 0 errors, 0 left on base; California 3 - Oregon State 3
BOTTOM OF THE 2ND
Oregon State Beavers batting - Pitching for California Golden Bears : RHP Eldon Ross
Batting: SHB Shelton Kondo 0-0: Called Strike
0-1: Ball
1-1: Ball
2-1: Fly out, F8 (Line Drive, 8RM, EV 96.2 MPH)
Batting: RHB Adrian Mellinger 0-0: Called Strike
0-1: Swinging Strike
0-2: Ball
1-2: Ball
2-2: Foul Ball, location: 2F
2-2: SINGLE (Groundball, 6MD, EV 97.5 MPH)
Batting: RHB Josiah Lucy 0-0: Ball
Adrian Mellinger is caught stealing 2nd base 2-4
1-0: Ball
2-0: Fly out, F8 (Flyball, 8RD, EV 98.8 MPH)
Bottom of the 2nd over - 0 runs, 1 hit, 0 errors, 0 left on base; California 3 - Oregon State 3
TOP OF THE 3RD
California Golden Bears batting - Pitching for Oregon State Beavers : RHP Jules Cooke
Batting: RHB Brian Van Hook 0-0: Ball
1-0: DOUBLE (Flyball, 9D, EV 86.2 MPH)
Batting: RHB Thalen Lizik 0-0: Ball
1-0: Called Strike
1-1: Foul Ball, location: 2F
1-2: Ground out 4-3 (Groundball, 4, EV 105.0 MPH)
Brian Van Hook to third
Batting: LHB Justyn Pehrson 0-0: Called Strike
0-1: Swinging Strike
0-2: Strikes out swinging
Batting: RHB Sterling Henry 0-0: Ball
1-0: Swinging Strike
1-1: Foul Ball, location: 2F
1-2: Ball
2-2: Strikes out swinging
Top of the 3rd over - 0 runs, 1 hit, 0 errors, 1 left on base; California 3 - Oregon State 3
BOTTOM OF THE 3RD
Oregon State Beavers batting - Pitching for California Golden Bears : RHP Eldon Ross
Batting: LHB Evan Garrettson 0-0: Ball
1-0: Ball
2-0: Called Strike
2-1: SINGLE (Groundball, 34D, EV 104.4 MPH)
Batting: RHB Theo Prochazka 0-0: Ball
1-0: Foul Ball, location: 2F
1-1: Ball
2-1: Fielders Choice at 2nd, 4-6 (Groundball, 4D, EV 105.6 MPH)
Batting: RHB Zane Sirignano 0-0: Called Strike
Theo Prochazka steals 2nd base
0-1: Ball
1-1: Fly out, F7 (Flyball, 7D, EV 106.2 MPH)
Batting: RHB Mike Walton 0-0: Ball
1-0: Fly out, F7 (Line Drive, 7S, EV 100.0 MPH)
Bottom of the 3rd over - 0 runs, 1 hit, 0 errors, 1 left on base; California 3 - Oregon State 3
TOP OF THE 4TH
California Golden Bears batting - Pitching for Oregon State Beavers : RHP Jules Cooke
Batting: RHB Cristian Stadler 0-0: Foul Ball, location: 2F
0-1: DOUBLE (Line Drive, 89D, EV 103.8 MPH)
Batting: LHB Will Shad 0-0: Ball
1-0: SINGLE (Flyball, 8RS, EV 92.5 MPH)
Cristian Stadler to third
Batting: RHB Griffin Forsee 0-0: Called Strike
0-1: Ball
1-1: Ground out 6-3 (Groundball, 6MS, EV 69.4 MPH)
Cristian Stadler scores
Will Shad to second
Batting: RHB Wyatt Wassell 0-0: Ball
1-0: Called Strike
1-1: Called Strike
1-2: Foul Ball, location: 2F
1-2: Strikes out swinging
Batting: RHB Darrin Turner 0-0: Ball
1-0: Called Strike
1-1: Ball
2-1: Foul Ball, location: 2F
2-2: Strikes out swinging
Top of the 4th over - 1 run, 2 hits, 0 errors, 1 left on base; California 4 - Oregon State 3
BOTTOM OF THE 4TH
Oregon State Beavers batting - Pitching for California Golden Bears : RHP Eldon Ross
Batting: LHB Cole Williams 0-0: Called Strike
0-1: Foul Ball, location: 2F
0-2: Strikes out swinging
Batting: RHB Karsten Holland 0-0: Ball
1-0: Called Strike
1-1: Ball
2-1: SINGLE (Flyball, 6D, EV 81.9 MPH)
Batting: SHB Shelton Kondo 0-0: Called Strike
0-1: SINGLE (Groundball, 5S, EV 72.5 MPH) (infield hit)
Karsten Holland to second
Batting: RHB Adrian Mellinger 0-0: Ball
1-0: Ball
2-0: SINGLE (Groundball, 6MD, EV 110.6 MPH)
Karsten Holland to third
Shelton Kondo to second
Runner from 3rd tries for Home, SAFE, throw by CF to home
Batting: RHB Josiah Lucy 0-0: Grounds into double play, 4-6-3 (Groundball, 4, EV 85.0 MPH)
Bottom of the 4th over - 1 run, 3 hits, 0 errors, 1 left on base; California 4 - Oregon State 4
TOP OF THE 5TH
California Golden Bears batting - Pitching for Oregon State Beavers : RHP Jules Cooke
Batting: RHB Brian Van Hook 0-0: Swinging Strike
0-1: Swinging Strike
0-2: Foul Ball, location: 2F
0-2: Fly out, F8 (Flyball, 8LD, EV 95.0 MPH)
Batting: RHB Thalen Lizik 0-0: Called Strike
0-1: Ball
1-1: Called Strike
1-2: Strikes out swinging
Batting: LHB Justyn Pehrson 0-0: Foul Ball, location: 2F
0-1: Foul Ball, location: 2F
0-2: Ball
1-2: Strikes out swinging, 2-3 out at first.
Top of the 5th over - 0 runs, 0 hits, 0 errors, 0 left on base; California 4 - Oregon State 4
BOTTOM OF THE 5TH
Oregon State Beavers batting - Pitching for California Golden Bears : RHP Eldon Ross
Batting: LHB Evan Garrettson 0-0: Called Strike
0-1: Called Strike
0-2: Ball
1-2: Fly out, F7 (Flyball, 7LM, EV 86.9 MPH)
Batting: RHB Theo Prochazka 0-0: Foul Ball, location: 2F
0-1: Ball
1-1: Ball
2-1: Foul Ball, location: 2F
2-2: DOUBLE (Line Drive, 7LS, EV 93.8 MPH)
Batting: RHB Zane Sirignano 0-0: SINGLE (Line Drive, 8LS, EV 94.4 MPH)
Theo Prochazka to third
Runner from 3rd tries for Home, SAFE, throw by CF to home
Batting: RHB Mike Walton 0-0: Ball
Zane Sirignano steals 2nd, throwing error, E2
Zane Sirignano to third
1-0: Called Strike
1-1: Ball
2-1: Foul Ball, location: 2F
2-2: SINGLE (Groundball, 56D, EV 107.5 MPH)
Zane Sirignano scores
Batting: LHB Cole Williams 0-0: Called Strike
Mike Walton steals 2nd base
0-1: Ball
1-1: Called Strike
Mike Walton steals 3rd base
1-2: Ground out 5-3 (Groundball, 56, EV 111.2 MPH)
Mike Walton scores
Batting: RHB Karsten Holland 0-0: Ball
1-0: Swinging Strike
1-1: Ball
2-1: Ball
3-1: Called Strike
3-2: Strikes out swinging
Bottom of the 5th over - 3 runs, 3 hits, 1 error, 0 left on base; California 4 - Oregon State 7
TOP OF THE 6TH
California Golden Bears batting - Pitching for Oregon State Beavers : RHP Jules Cooke
Batting: RHB Sterling Henry 0-0: Called Strike
0-1: Called Strike
0-2: Foul Ball, location: 2F
0-2: Strikes out swinging
Batting: RHB Cristian Stadler 0-0: Called Strike
0-1: Ball
1-1: Ball
2-1: Foul Ball, location: 2F
2-2: Ball
3-2: Fly out, F8 (Flyball, 8LD, EV 81.9 MPH)
Batting: LHB Will Shad 0-0: Called Strike
0-1: Ball
1-1: Ball
2-1: Called Strike
2-2: Foul Ball, location: 2F
2-2: Ball
3-2: Strikes out swinging
Top of the 6th over - 0 runs, 0 hits, 0 errors, 0 left on base; California 4 - Oregon State 7
BOTTOM OF THE 6TH
Oregon State Beavers batting - Pitching for California Golden Bears : RHP Eldon Ross
Pitching: RHP Jeremiah Saenz
Batting: SHB Shelton Kondo 0-0: Foul Ball, location: 2F
0-1: Ball
1-1: Ground out 6-3 (Groundball, 6, EV 82.5 MPH)
Batting: RHB Adrian Mellinger 0-0: Ball
1-0: Called Strike
1-1: Called Strike
1-2: Ball
2-2: Foul Ball, location: 2F
2-2: Ball
3-2: Ground out 6-3 (Groundball, 6MD, EV 85.6 MPH)
Batting: RHB Josiah Lucy 0-0: Called Strike
0-1: Ball
1-1: Foul Ball, location: 2F
1-2: Ball
2-2: SOLO HOME RUN (Flyball, 9LD, EV 94.4 MPH), Distance : 342 ft
Batting: LHB Evan Garrettson 0-0: Ball
1-0: Foul Ball, location: 2F
1-1: Swinging Strike
1-2: Strikes out swinging
Bottom of the 6th over - 1 run, 1 hit, 0 errors, 0 left on base; California 4 - Oregon State 8
TOP OF THE 7TH
California Golden Bears batting - Pitching for Oregon State Beavers : RHP Jules Cooke
Pitching: RHP Cassius Koh
Batting: RHB Griffin Forsee 0-0: Ground out U3 (Groundball, 34, EV 91.2 MPH)
Batting: RHB Wyatt Wassell 0-0: Foul Ball, location: 2F
0-1: Called Strike
0-2: Foul Ball, location: 2F
0-2: Hit by Pitch
Batting: RHB Darrin Turner 0-0: Called Strike
0-1: Ball
1-1: Ball
2-1: Fly out, F7 (Line Drive, 7, EV 85.6 MPH)
Batting: RHB Brian Van Hook 0-0: Ball
1-0: Foul Ball, location: 2F
1-1: Ball
2-1: Ball
Wyatt Wassell steals 2nd base
3-1: Base on Balls
Batting: RHB Thalen Lizik 0-0: Fly out, F7 (Flyball, 7D, EV 85.0 MPH)
Top of the 7th over - 0 runs, 0 hits, 0 errors, 2 left on base; California 4 - Oregon State 8
BOTTOM OF THE 7TH
Oregon State Beavers batting - Pitching for California Golden Bears : RHP Jeremiah Saenz
Batting: RHB Theo Prochazka 0-0: Called Strike
0-1: Fly out, F9 (Line Drive, 9S, EV 91.2 MPH)
Batting: RHB Zane Sirignano 0-0: Called Strike
0-1: Swinging Strike
0-2: Ball
1-2: Ball
2-2: Ball
3-2: Foul Ball, location: 2F
3-2: Foul Ball, location: 2F
3-2: Base on Balls
Batting: RHB Mike Walton 0-0: Swinging Strike
0-1: Ball
1-1: SINGLE (Flyball, 89M, EV 90.0 MPH)
Zane Sirignano to second
Runner from 2nd tries for 3rd, SAFE, throw by RF made to third
Batting: LHB Cole Williams 0-0: Ball
1-0: Ball
2-0: SINGLE (Line Drive, 89S, EV 88.8 MPH)
Zane Sirignano scores
Mike Walton to second
Pitching: RHP Logan Fields
Batting: RHB Karsten Holland 0-0: Called Strike
0-1: Ball
1-1: Swinging Strike
1-2: Ball
2-2: Fly out, F6 (Popup, 6, EV 53.8 MPH)
Batting: SHB Shelton Kondo 0-0: Foul Ball, location: 2F
0-1: Ball
Wild Pitch!
Mike Walton to third
Cole Williams to second
1-1: Ball
2-1: Swinging Strike
2-2: Strikes out swinging
Bottom of the 7th over - 1 run, 2 hits, 0 errors, 2 left on base; California 4 - Oregon State 9
TOP OF THE 8TH
California Golden Bears batting - Pitching for Oregon State Beavers : RHP Cassius Koh
Batting: LHB Justyn Pehrson 0-0: Ball
1-0: Called Strike
1-1: Called Strike
1-2: Foul Ball, location: 2F
1-2: SINGLE (Line Drive, 7LS, EV 95.6 MPH)
Batting: RHB Sterling Henry 0-0: Ball
1-0: Foul Ball, location: 2F
1-1: Foul Ball, location: 2F
1-2: Ball
2-2: Fielders Choice at 2nd, 4-6 (Groundball, 4S, EV 80.6 MPH)
Batting: RHB Cristian Stadler 0-0: Swinging Strike
0-1: Foul Ball, location: 2F
0-2: Ball
1-2: Strikes out swinging
Batting: LHB Will Shad 0-0: Called Strike
0-1: Called Strike
0-2: Ball
1-2: Ball
2-2: DOUBLE (Line Drive, 78XD, EV 112.5 MPH)
Sterling Henry to third
Runner from 3rd tries for Home, SAFE, throw by LF to trailing runner, SAFE at third!
Batting: RHB Griffin Forsee 0-0: Ball
1-0: Foul Ball, location: 2F
1-1: Fly out, F9 (Flyball, 9, EV 76.2 MPH)
Top of the 8th over - 1 run, 2 hits, 0 errors, 1 left on base; California 5 - Oregon State 9
BOTTOM OF THE 8TH
Oregon State Beavers batting - Pitching for California Golden Bears : RHP Logan Fields
Batting: RHB Adrian Mellinger 0-0: Foul Ball, location: 2F
0-1: Ball
1-1: SINGLE (Line Drive, 7S, EV 93.1 MPH)
Batting: RHB Josiah Lucy 0-0: Called Strike
0-1: Called Strike
0-2: Ball
1-2: Strikes out swinging
Batting: LHB Evan Garrettson 0-0: Ball
Adrian Mellinger is caught stealing 2nd base 2-6
1-0: Ground out 1-3 (Groundball, 13S, EV 65.6 MPH)
Bottom of the 8th over - 0 runs, 1 hit, 0 errors, 0 left on base; California 5 - Oregon State 9
TOP OF THE 9TH
California Golden Bears batting - Pitching for Oregon State Beavers : RHP Cassius Koh
Batting: RHB Wyatt Wassell 0-0: Called Strike
0-1: Ball
1-1: Ball
2-1: Foul Ball, location: 2F
2-2: Ball
3-2: Base on Balls
Batting: RHB Darrin Turner 0-0: Ball
1-0: Fielders Choice at 2nd, 3-6 (Groundball, 3, EV 108.1 MPH)
Batting: RHB Brian Van Hook 0-0: Called Strike
0-1: Called Strike
0-2: Ball
1-2: Strikes out swinging
Batting: RHB Thalen Lizik 0-0: Swinging Strike
0-1: Foul Ball, location: 2F
0-2: Fly out, F8 (Line Drive, 8LD, EV 91.9 MPH)
Top of the 9th over - 0 runs, 0 hits, 0 errors, 1 left on base; California 5 - Oregon State 9
Sunday, April 14th , 2024 - OOTP Baseball 23.10 Build 110